Match 46072161
Unlisted

Match 46072161
End
Pioneer Squad
Construct Infanterie Kompanie
Pioneer Squad
MG 42 Machine Gun Team
Selects Terror Battlegroup
Selects Machine Gun Camouflage
MG 42 Machine Gun Team
Grenadier Squad
Medical Station
Construct Luftwaffe Kompanie
Selects Interrogate
221 Scout Car
Construct Panzergrenadier Kompanie
Repair Bunker
Support Elements
Nebelwerfer 42 Rocket Launcher Team
Selects Jericho Trumpet
Nebelwerfer 42 Rocket Launcher Team
Pioneer Squad
Panzergrenadier Squad
Marder III M Tank Destroyer
Marder III M Tank Destroyer
Selects V1 Rocket Strike
V1 Rocket Strike
221 Scout Car
Construct Panzer Kompanie
221 Scout Car
Pak 40 Anti-tank Gun Team
Selects No Quarter
Panzer IV Medium Tank
Grenadier Squad
Repair Bunker
Nachtschatten
Doge 👊🏻🇺🇸🔥
Ra11
PAX AJAX
0
0

Comments sign in to comment!

No comments posted yet!